 Dungeon Sprint DCSS version 0.28-a0-476-g0f06bd746f (webtiles) character file.

Game seed: 11803035962378284430

63800 dolemite99 the Grim Reaper (level 15, -2/110 HPs)
             Began as a Gargoyle Fighter on Sept 17, 2021.
             Was the Champion of Yredelemnul.
             Slain by a nargun (17 damage)
             ... in the Dungeon (Sprint V: "Ziggurat Sprint").
             The game lasted 00:22:11 (2329 turns).

dolemite99 the Grim Reaper (Gargoyle Fighter)       Turns: 2329, Time: 00:22:12

Health: -2/110     AC: 38    Str: 26    XL:     15   Next: 10%
Magic:  15/28      EV:  4    Int: 17    God:    Yredelemnul [******]
Gold:   0          SH: 34    Dex: 26    Spells: 14/14 levels left

rFire   + + +      SeeInvis .   O - +8 broad axe "Hokajuer" {freeze, rElec rPois Int-3 Dex+6}
rCold   + . .      Faith    +   I - +18 shield of the Gong {rElec rN+ Will+ EV-5}
rNeg    + + .      Spirit   .   m - +5 shadow dragon scales
rPois   ∞          Reflect  .   P - +0 helmet {Int+3}
rElec   +          Harm     .   b - scarf {rC+ rF+}
rCorr   .          Rampage  .   K - +0 pair of gloves {Dex+3}
Will    +....      NoTele   +   (no boots)
Stlth   +++.......              z - amulet of faith
HPRegen 0.28/turn               F - +6 ring of strength
MPRegen 0.21/turn               A - ring of the Establishment {+Blink rF++ Str-4 Int+6 Dex+8}

@: weak-willed, flying, studying 2 skills
A: sickness immunity, AC +11, big wings, negative energy resistance 1,
electricity resistance, torment resistance 1, petrification resistance
a: Renounce Religion, Evoke Blink, Recall Undead Slaves, Injury Mirror, Animate
Dead, Drain Life, Enslave Soul


You were in the Dungeon.
You worshipped Yredelemnul.
Yredelemnul was exalted by your worship.
You visited 1 branch

Inventory:

Hand Weapons
 a - a +0 flail
 J - the +7 great mace "Firestarter" {inner flame, rF++}
   (You found it in the Dungeon)

   It burns those it strikes, dealing additional fire damage.
   It fills those it strikes with an explosive inner flame.
   It grants immunity to clouds of flame.
   rF:        It greatly protects you from fire.
 N - a +5 demon whip of draining
 O - the +8 broad axe "Hokajuer" (weapon) {freeze, rElec rPois Int-3 Dex+6}
   (You found it in the Dungeon)

   It freezes those it strikes, dealing additional cold damage.
   It can also slow down cold-blooded creatures.
   Int:       It affects your intelligence (-3).
   Dex:       It affects your dexterity (+6).
   rElec:     It insulates you from electricity.
   rPois:     It protects you from poison.
Armour
 b - a scarf of resistance (worn)
 m - +5 shadow dragon scales (worn)
 I - the +18 shield of the Gong (worn) {rElec rN+ Will+ EV-5}
   (You found it in the Dungeon)

   It is deafeningly noisy when blocking attacks.
   EV:        It affects your evasion (-5).
   rElec:     It insulates you from electricity.
   rN:        It protects you from negative energy.
   Will:      It increases your willpower.
 K - a +0 pair of gloves of dexterity (worn)
 P - a +0 helmet of intelligence (worn)
Jewellery
 k - a ring of wizardry
 l - a ring of protection from cold
 n - a ring of wizardry
 z - an amulet of faith (around neck)
 A - the ring of the Establishment (right hand) {+Blink rF++ Str-4 Int+6 Dex+8}
   (You found it in the Dungeon)

   [ring of intelligence]

   Str:       It affects your strength (-4).
   Int:       It affects your intelligence (+6).
   Dex:       It affects your dexterity (+8).
   rF:        It greatly protects you from fire.
   +Blink:    It lets you blink.
 B - a +6 ring of dexterity
 C - a +6 ring of dexterity
 D - a +6 ring of intelligence
 E - a +6 ring of intelligence
 F - a +6 ring of strength (left hand)
 G - a +6 ring of strength
 M - the amulet of Eddyol {Reflect rElec rN+++ Regen+ Int-4 SH+5}
   (You found it in the Dungeon)

   [amulet of reflection]

   It reflects blocked missile attacks.
   Int:       It affects your intelligence (-4).
   rElec:     It insulates you from electricity.
   rN:        It renders you almost immune to negative energy.
   Regen:     It increases your rate of health regeneration.
   SH:        It affects your SH (+5).
 Q - a ring of protection from cold
 R - a ring of fire
 V - a ring of protection from cold
 W - the ring of Lesivui {rPois rF+ Int-4 SInv}
   (You found it in the Dungeon)

   [ring of protection from fire]

   Int:       It affects your intelligence (-4).
   rF:        It protects you from fire.
   rPois:     It protects you from poison.
   SInv:      It lets you see invisible.
 X - a ring of fire
 Y - the ring "Sofodill" {rElec EV+4 Int+3}
   (You found it in the Dungeon)

   [ring of evasion]

   EV:        It affects your evasion (+4).
   Int:       It affects your intelligence (+3).
   rElec:     It insulates you from electricity.
 Z - an amulet of guardian spirit
Wands
 x - a wand of mindburst (7)
 y - a wand of iceblast (7)
Scrolls
 j - 3 scrolls of blinking
 o - 4 scrolls of amnesia
 p - 6 scrolls of fog
 q - a scroll of holy word
 r - 5 scrolls of identify {@r1}
 s - 2 scrolls of fear
 w - 4 scrolls of enchant armour
Potions
 d - 3 potions of might
 e - 5 potions of curing
 f - 6 potions of heal wounds
 g - 9 potions of haste
 h - 2 potions of magic
 i - 3 potions of berserk rage
 t - 2 potions of brilliance
 u - 2 potions of invisibility
 v - 3 potions of resistance
Miscellaneous
 c - a phantom mirror
 H - a lightning rod (4/4)
 L - a phial of floods
 S - a condenser vane (inert)
 T - a tin of tremorstones (2/2)
 U - a box of beasts


   Skills:
 + Level 18.9 Fighting
 - Level 12.9(13.3) Axes
 - Level 6.1(11.0) Maces & Flails
 + Level 19.0 Armour
 - Level 16.7 Shields
 + Level 19.5 Invocations
 + Level 16.8 Evocations


You had 14 spell levels left.
You didn't know any spells.
Your spell library contained the following spells:

 Spells                   Type           Power      Damage    Failure   Level
 Beastly Appendage        Tmut           0%         N/A       58%         1
 Foxfire                  Conj/Fire      0%         2x1d4     58%         1
 Freeze                   Ice            0%         1d3       58%         1
 Summon Small Mammal      Summ           0%         N/A       58%         1
 Corpse Rot               Necr/Air       N/A        N/A       75%         2
 Ensorcelled Hibernation  Hex/Ice        0%         N/A       75%         2
 Passwall                 Tmut/Erth      0%         N/A       75%         2
 Wereblood                Tmut           0%         N/A       75%         2
 Call Canine Familiar     Summ           0%         N/A       92%         3
 Frozen Ramparts          Ice            0%         1d2       92%         3
 Gell's Gravitas          Tloc           0%         N/A       92%         3
 Ignite Poison            Fire/Tmut/Pois 0%         N/A       92%         3
 Ozocubu's Armour         Ice            0%         N/A       92%         3
 Portal Projectile        Hex/Tloc       0%         N/A       92%         3
 Spider Form              Tmut/Pois      0%         N/A       92%         3
 Summon Guardian Golem    Hex/Summ       0%         N/A       92%         3
 Swiftness                Air            0%         N/A       92%         3
 Teleport Other           Tloc           0%         N/A       92%         3
 Tukima's Dance           Hex            0%         N/A       92%         3
 Dispel Undead            Necr           0%         3d6       100%        4
 Flame Wave               Conj/Fire      0%         3d3       100%        4
 Fulminant Prism          Conj/Hex       0%         3d6       100%        4
 Hailstorm                Conj/Ice       0%         3d3       100%        4
 Ice Form                 Ice/Tmut       0%         N/A       100%        4
 Iskenderun's Mystic Bla  Conj/Tloc      0%         2d3       100%        4
 Leda's Liquefaction      Hex/Erth       0%         N/A       100%        4
 Passage of Golubria      Tloc           N/A        N/A       100%        4
 Alistair's Intoxication  Tmut/Pois      0%         N/A       100%        5
 Blade Hands              Tmut           0%         N/A       100%        5
 Excruciating Wounds      Necr           0%         N/A       100%        5
 Freezing Cloud           Conj/Ice/Air   0%         6-21      100%        5
 Iskenderun's Battlesphe  Conj           0%         2d6       100%        5
 Lee's Rapid Deconstruct  Erth           0%         3d5*      100%        5
 Summon Forest            Summ/Tloc      0%         N/A       100%        5
 Yara's Violent Unravell  Hex/Tmut       0%         3d3       100%        5
 Conjure Ball Lightning   Conj/Air       0%         3x3d6     100%        6
 Death Channel            Necr           0%         N/A       100%        6
 Dispersal                Tloc           0%         N/A       100%        6
 Eringya's Noxious Bog    Tmut/Pois      0%         N/A       100%        6
 Invisibility             Hex            0%         N/A       100%        6
 Orb of Destruction       Conj           0%         N/A       100%        7
 Ozocubu's Refrigeration  Ice            0%         4d5       100%        7
 Storm Form               Tmut/Air       0%         N/A       100%        7
 Summon Hydra             Summ           0%         N/A       100%        7
 Discord                  Hex            0%         N/A       100%        8
 Disjunction              Tloc           0%         N/A       100%        8


Dungeon Overview and Level Annotations

Branches:
Dungeon (1/1)

Altars:
Ashenzari
Cheibriados
Dithmenos
Elyvilon
Fedhas
Gozag
Hepliaklqana
Kikubaaqudgha
Makhleb
Nemelex Xobeh
Okawaru
Qazlal
Ru
Sif Muna
Trog
Uskayaw
Vehumet
Wu Jian
Xom
Yredelemnul
Zin
The Shining One
Beogh
Jiyva
Lugonu


Innate Abilities, Weirdness & Mutations

You are immune to sickness and miasma.
Your stone body is resilient. (AC +11)
You are immune to poison.
Your large and strong wings let you fly.
You resist negative energy. (rN+)
You are resistant to electric shocks. (rElec)
You are resistant to unholy torment.
You are immune to petrification.


Message History

Your phantasmal warrior resists.
You are unaffected.
The Ice Fiend calls on the powers of darkness!
Your body is wracked with pain!
The hellion hits your vampire.
Your bone dragon bites something!
Your bone dragon claws something!
Your bone dragon tramples something but does no damage.
Your vampire hits the hellion.
Your vampire closely misses the hellion.
You draw life from your surroundings.
You block the nargun's attack.
GONNNNG!
The nargun bites you but does no damage.
Your phantasmal warrior hits the Ice Fiend!
The wendigo is engulfed in blazing flames.
The Ice Fiend claws your phantasmal warrior.
The Ice Fiend freezes your phantasmal warrior!
Your phantasmal warrior resists.
The Ice Fiend claws your phantasmal warrior!
The Ice Fiend freezes your phantasmal warrior!!
Your phantasmal warrior resists.
Your phantasmal warrior is destroyed!
The nargun hits your bone dragon! The nargun bites your bone dragon.
The nargun freezes your bone dragon!!
Your bone dragon resists.
You block the nargun's attack.
BOUMMMMG!
The nargun bites you! The nargun freezes you! You resist.
* * * LOW HITPOINT WARNING * * *
The wendigo is engulfed in blazing flames.
The hellion hits your vampire.
The wendigo is engulfed in blazing flames.
The nargun hits your bone dragon!!
Your bone dragon is destroyed!
Your titan zombie barely resists.
Your titan zombie hits the nargun!
The nargun hits you but does no damage. The nargun bites you!
* * * LOW HITPOINT WARNING * * *
The nargun freezes you! You resist.
You die...
Your body rises from the dead as a mindless zombie.

..::!=)?|:=":..▓.......
▓.....§○§§§§§§..▓......)
▓...§§§§9§.§§§..▓.......
▓..§§§§§D§§1§§..▓...)...
▓..§§§R9§§§§§§..▓..▓..).
▓..§§9§R.§§§§...▓.▓▓▓...
▓..§§RR§R§1§§...▓=.▓....
▓..§R99992§.....▓.......
▓.....Z@V§......▓......©
▓...▓..§§§..▓...▓▓▓▓▓▓▓▓
▓...............▓.....8©
▓...............▓.|))[)=
▓.......©.......▓..)[..)
▓▓▓▓▓▓▓▓▓▓▓▓▓▓▓▓▓.......
▓.....ZZ ▓......Z
▓.......


You could see 2 Ice Fiends, 6 wendigos, 7 narguns, a hellion (ally target), a
friendly bone dragon (petrified, weak-willed), a friendly vampire and a friendly
titan zombie.

Vanquished Creatures
  5 shard shrikes (D)
  A rockslime (D)
  A cacodemon (D)
  A deep elf elementalist (D)
  A wendigo (D)
  2 merfolk impalers (D)
  A hydra (D)
  A merfolk aquamancer (D)
  A dancing weapon (D)
  A deep elf knight (D)
  A sea snake (D)
  A phantasmal warrior (D)
  2 deep elf pyromancers (D)
  4 deep elf zephyrmancers (D)
  2 manticores (D)
  A cane toad (D)
  A rime drake (D)
  A hellion (D)
  2 polar bears (D)
  A blink frog (D)
  A raiju (D)
  A slime creature (D)
  A spriggan (D)
  A wyvern (D)
  A fire elemental (D)
  2 water elementals (D)
  A yak (D)
  A golden eye (D)
  7 water moccasins (D)
  2 black bears (D)
  A wolf (D)
  A bullfrog (D)
  An earth elemental (D)
  A crimson imp (D)
  A quasit (D)
  2 jellies (D)
  2 small abominations (D)
  2 adders (D)
  3 white imps (D)
  4 ball pythons (D)
  A bat simulacrum (D)
  A giant cockroach simulacrum (D)
69 creatures vanquished.

Vanquished Creatures (collateral kills)
  A shard shrike (D)
  A Brimstone Fiend (D)
  A hellephant (D)
  A titan (D)
  A lich (D)
  2 searing wretches (D)
  2 rockslimes (D)
  3 balrugs (D)
  4 azure jellies (D)
  A fire giant (D)
  A frost giant (D)
  3 narguns (D)
  A quicksilver ooze (D)
  A vampire knight (D)
  A lorocyproca (D)
  2 wendigos (D)
  A merfolk javelineer (D)
  4 great orbs of eyes (D)
  A hydra (D)
  A naga warrior (D)
  2 salamander tyrants (D)
  2 satyrs (D)
  2 anacondas (D)
  A merfolk aquamancer (D)
  3 hell hogs (D)
  A dancing weapon (D)
  3 vampire magi (D)
  2 orc high priests (D)
  5 slime creatures (D)
  A necromancer (D)
  An orc knight (D)
  An orc sorcerer (D)
  A cyclops (D)
  A shining eye (D)
  3 guardian serpents (D)
  A merfolk siren (D)
  An eye of devastation (D)
  A black mamba (D)
  A hellion (D)
  A cane toad (D)
  A meliai (shapeshifter) (D)
  A troll (D)
  A merfolk (D)
  A blink frog (D)
  2 vampires (D)
  3 shadows (D)
  A yak (D)
  A neqoxec (D)
  A golden eye (D)
  2 wargs (D)
  A water moccasin (D)
  2 orc warriors (D)
  An ogre (D)
  2 necrophages (D)
  3 phantoms (D)
  2 wights (D)
  A quasit (D)
  8 jellies (D)
  A hell rat (D)
  2 adders (D)
  2 shadow imps (D)
  A water moccasin zombie (D)
  An adder zombie (D)
  A blink frog zombie (D)
  An adder skeleton (D)
  A rime drake zombie (D)
  4 endoplasms (D)
  2 ball python skeletons (D)
  A ball python zombie (D)
  A giant cockroach simulacrum (D)
  A quokka zombie (D)
120 creatures vanquished.

Vanquished Creatures (others)
  3 profane servitors (D)
  5 bone dragons (D)
  An azure jelly (D)
  7 ghouls (D)
  8 vampire knights (D)
  A spectral frost giant (D)
  A spectral naga (D)
  2 hell hogs (D)
  6 skeletal warriors (D)
  5 flayed ghosts (D)
  10 phantasmal warriors (D)
  A hellion (D)
  4 wraiths (D)
  10 vampires (D)
  2 anaconda zombies (D)
  3 wights (D)
  A fire giant zombie (D)
  A frost giant zombie (D)
  2 ghoul skeletons (D)
  A hell hog zombie (D)
  A sea snake zombie (D)
  A black mamba zombie (D)
  3 elf zombies (D)
  2 hydra zombies (D)
  6 merfolk zombies (D)
  2 satyr zombies (D)
  A salamander zombie (D)
  2 guardian serpent zombies (D)
  A cane toad zombie (D)
  2 mummies (D)
  A human zombie (D)
  A naga zombie (D)
  A bullfrog zombie (D)
  A wyvern zombie (D)
  A manticore zombie (D)
  3 orc zombies (D)
  2 polar bear zombies (D)
  A raiju zombie (D)
  2 warg zombies (D)
  2 water moccasin zombies (D)
  2 adder simulacra (D)
  A yak zombie (D)
  2 adder zombies (D)
  3 ball python zombies (D)
  A giant cockroach simulacrum (D)
  A hell rat zombie (D)
  A necrophage skeleton (D)
121 creatures vanquished.

Grand Total: 310 creatures vanquished

Notes
Turn   | Place    | Note
-------+----------+-------------------------------------------
     0 | D        | dolemite99 the Gargoyle Fighter began the quest for the
                  | Orb.
     0 | D        | Reached XP level 1. HP: 14/14 MP: 1/1
     5 | D        | Banished a spatial maelstrom
    18 | D        | Found a shimmering blue altar of Sif Muna.
    18 | D        | Found a bloodstained altar of Trog.
    18 | D        | Found a sacrificial altar of Ru.
    18 | D        | Found a stormy altar of Qazlal.
    18 | D        | Found an iron altar of Okawaru.
    19 | D        | Found a sparkling altar of Nemelex Xobeh.
    19 | D        | Found the +6 Majin-Bo {vamp, MP+6 Int+6}
    19 | D        | Found the +9 heavy crossbow "Sniper" {vorpal, Acc+∞ SInv}
    19 | D        | Found the +10 dark maul {vorpal}
    19 | D        | Found the +15 Maxwell's patent armour {-Cast -Tele rElec
                  | Will+ rCorr}
    19 | D        | Found the +18 shield of the Gong {rElec rN+ Will+ EV-5}
    19 | D        | Found the +14 obsidian axe {vorpal, Mesm Drain Fly SInv}
    19 | D        | Found the +7 great mace "Firestarter" {inner flame, rF++}
    19 | D        | Found the +6 shillelagh "Devastator" {shatter}
    19 | D        | Found the +11 plutonium sword {Contam Stlth-}
    19 | D        | Found the +8 lance "Wyrmbane" {slay drac, rPois rF+ rC+
                  | AC+3}
    19 | D        | Found the +9 sword of Zonguldrok {reap}
    19 | D        | Found the +13 scythe of Curses {drain, Drain}
    19 | D        | Found the +5 sword of Power {vorpal}
    19 | D        | Found the +7 mace of Variability {chain chaos}
    19 | D        | Found the +7 Singing Sword {vorpal, sonic wave}
    19 | D        | Found the +8 storm bow {elec, penet}
    20 | D        | Found an ancient bone altar of Kikubaaqudgha.
    20 | D        | Found a transporter.
    20 | D        | Found a corrupted altar of Lugonu.
    20 | D        | Found a viscous altar of Jiyva.
    20 | D        | Found a burning altar of Makhleb.
    20 | D        | Found a hazy altar of Hepliaklqana.
    20 | D        | Found an opulent altar of Gozag.
    21 | D        | Found a blossoming altar of Fedhas.
    59 | D        | Became a worshipper of Yredelemnul the Dark
    81 | D        | Entered arena 2.
    81 | D        | Noticed a deep elf pyromancer
    81 | D        | Noticed a deep elf zephyrmancer
    81 | D        | Found a transporter.
    85 | D        | Killed a deep elf pyromancer
    86 | D        | Reached skill level 5 in Maces & Flails
    86 | D        | Reached XP level 2. HP: 11/22 MP: 1/6
    86 | D        | Reached XP level 3. HP: 14/27 MP: 1/8
    86 | D        | Reached XP level 4. HP: 16/32 MP: 1/9
    86 | D        | Reached XP level 5. HP: 18/36 MP: 1/10
    86 | D        | Reached XP level 6. HP: 21/41 MP: 1/11
    86 | D        | Killed a deep elf zephyrmancer
    87 | D        | Reached XP level 7. HP: 24/48 MP: 1/13
   239 | D        | Entered arena 3.
   239 | D        | Found a transporter.
   242 | D        | Reached * piety under Yredelemnul
   250 | D        | Got the +8 broad axe "Hokajuer" {freeze, rElec rPois Int-3
                  | Dex+6}
   262 | D        | Reached XP level 8. HP: 53/53 MP: 9/14
   265 | D        | Entered arena 4.
   265 | D        | Noticed a slime creature
   265 | D        | Found a transporter.
   297 | D        | Reached ** piety under Yredelemnul
   302 | D        | Killed a slime creature
   303 | D        | Reached XP level 9. HP: 49/57 MP: 15/15
   415 | D        | Got the Catalogue of the Well-Known Artisans
   422 | D        | Entered arena 5.
   422 | D        | Found a transporter.
   426 | D        | Reached *** piety under Yredelemnul
   447 | D        | Entered arena 6.
   447 | D        | Found a transporter.
   450 | D        | Reached **** piety under Yredelemnul
   450 | D        | Received a gift from Yredelemnul (a mummy)
   454 | D        | Received a gift from Yredelemnul (a wight)
   454 | D        | Received a gift from Yredelemnul (a mummy)
   462 | D        | Got the Handbook of Malediction
   477 | D        | Entered arena 7.
   477 | D        | Noticed a cacodemon
   486 | D        | Reached ***** piety under Yredelemnul
   487 | D        | Received a gift from Yredelemnul (a wraith)
   490 | D        | Killed a cacodemon
   490 | D        | Received a gift from Yredelemnul (a wight)
   491 | D        | Reached skill level 10 in Axes
   491 | D        | Reached skill level 10 in Invocations
   491 | D        | Reached XP level 10. HP: 57/66 MP: 17/17
   493 | D        | Found a transporter.
   524 | D        | Entered arena 8.
   524 | D        | Noticed a deep elf zephyrmancer
   524 | D        | Noticed a deep elf elementalist
   524 | D        | Noticed a +1 glaive of freezing
   530 | D        | Found a transporter.
   535 | D        | Killed a deep elf zephyrmancer
   535 | D        | Received a gift from Yredelemnul (a wight)
   535 | D        | Received a gift from Yredelemnul (a wraith)
   536 | D        | Killed a deep elf elementalist
   537 | D        | Reached skill level 10 in Fighting
   537 | D        | Reached skill level 10 in Armour
   537 | D        | Reached skill level 10 in Shields
   543 | D        | Killed a +1 glaive of freezing
   544 | D        | Received a gift from Yredelemnul (a wraith)
   646 | D        | Entered arena 9.
   646 | D        | Noticed a +1 vampiric glaive
   646 | D        | Noticed a deep elf knight
   646 | D        | Noticed a deep elf pyromancer
   646 | D        | Noticed a deep elf zephyrmancer
   646 | D        | Noticed a deep elf zephyrmancer
   651 | D        | Killed a deep elf pyromancer
   651 | D        | Reached ****** piety under Yredelemnul
   651 | D        | Killed a deep elf zephyrmancer
   652 | D        | Received a gift from Yredelemnul (a skeletal warrior)
   652 | D        | Received a gift from Yredelemnul (a phantasmal warrior)
   652 | D        | Received a gift from Yredelemnul (a wraith)
   652 | D        | Reached skill level 10 in Evocations
   652 | D        | Reached XP level 11. HP: 50/73 MP: 10/19
   653 | D        | Killed a deep elf zephyrmancer
   654 | D        | Killed a deep elf knight
   654 | D        | Killed a +1 vampiric glaive
   657 | D        | Found a transporter.
   787 | D        | Entered arena 10.
   788 | D        | Found a transporter.
   791 | D        | Received a gift from Yredelemnul (a phantasmal warrior)
   791 | D        | Received a gift from Yredelemnul (a skeletal warrior)
   795 | D        | Received a gift from Yredelemnul (a phantasmal warrior)
   795 | D        | Received a gift from Yredelemnul (a vampire knight)
   800 | D        | Killed a lorocyproca
   899 | D        | Entered arena 11.
   901 | D        | Found a transporter.
   902 | D        | Received a gift from Yredelemnul (a phantasmal warrior)
   905 | D        | Received a gift from Yredelemnul (a vampire)
   975 | D        | Entered arena 12.
   975 | D        | Noticed a nagaraja
   975 | D        | Noticed an anaconda
   975 | D        | Noticed a naga warrior
   976 | D        | Noticed an anaconda
   980 | D        | Killed a nagaraja
   980 | D        | Enslaved a nagaraja
   981 | D        | Killed an anaconda
   983 | D        | Received a gift from Yredelemnul (a vampire)
   983 | D        | Received a gift from Yredelemnul (a phantasmal warrior)
   984 | D        | Killed an anaconda
   988 | D        | Received a gift from Yredelemnul (a phantasmal warrior)
   988 | D        | Killed a naga warrior
   991 | D        | Found a transporter.
  1039 | D        | Entered arena 13.
  1039 | D        | Noticed a cyclops
  1039 | D        | Noticed an orc high priest
  1039 | D        | Noticed an orc sorcerer
  1040 | D        | Noticed an orc high priest
  1041 | D        | Noticed an orc knight
  1042 | D        | Killed an orc sorcerer
  1043 | D        | Received a gift from Yredelemnul (a bone dragon)
  1046 | D        | Killed a cyclops
  1047 | D        | Received a gift from Yredelemnul (a bone dragon)
  1047 | D        | Received a gift from Yredelemnul (a profane servitor)
  1047 | D        | Killed an orc high priest
  1048 | D        | Killed an orc high priest
  1048 | D        | Killed an orc knight
  1049 | D        | Received a gift from Yredelemnul (a vampire)
  1049 | D        | Found a transporter.
  1064 | D        | Got the ring of Lesivui {rPois rF+ Int-4 SInv}
  1083 | D        | Got the ring "Sofodill" {rElec EV+4 Int+3}
  1123 | D        | Entered arena 14.
  1125 | D        | Noticed a satyr
  1125 | D        | Noticed a merfolk impaler
  1125 | D        | Noticed a manticore
  1125 | D        | Noticed a merfolk javelineer
  1125 | D        | Noticed a merfolk aquamancer
  1125 | D        | Noticed a satyr
  1125 | D        | Noticed a merfolk aquamancer
  1126 | D        | Noticed a sea snake
  1127 | D        | Noticed a manticore
  1130 | D        | Noticed a merfolk impaler
  1130 | D        | Found the +3 robe of Clouds {*Thunder rCloud rElec}
  1132 | D        | Killed a merfolk aquamancer
  1133 | D        | Reached XP level 12. HP: 74/82 MP: 19/22
  1134 | D        | Killed a satyr
  1135 | D        | Received a gift from Yredelemnul (a vampire)
  1135 | D        | Received a gift from Yredelemnul (a ghoul)
  1135 | D        | Killed a merfolk impaler
  1135 | D        | Killed a merfolk impaler
  1135 | D        | Killed a merfolk aquamancer
  1135 | D        | Killed a satyr
  1136 | D        | Received a gift from Yredelemnul (a vampire knight)
  1138 | D        | Killed a merfolk javelineer
  1159 | D        | Found a transporter.
  1206 | D        | Entered arena 15.
  1207 | D        | Noticed an azure jelly
  1207 | D        | Noticed a rockslime
  1207 | D        | Found the +5 scythe "Finisher" {speed, eviscerate}
  1210 | D        | Noticed a rockslime
  1210 | D        | Noticed a great orb of eyes
  1210 | D        | Noticed an azure jelly
  1212 | D        | Found a transporter.
  1213 | D        | Received a gift from Yredelemnul (a vampire knight)
  1217 | D        | Killed an azure jelly
  1219 | D        | Received a gift from Yredelemnul (a skeletal warrior)
  1220 | D        | Killed an azure jelly
  1221 | D        | Received a gift from Yredelemnul (a ghoul)
  1221 | D        | Received a gift from Yredelemnul (a vampire)
  1223 | D        | Killed a great orb of eyes
  1224 | D        | Killed a rockslime
  1227 | D        | Killed a rockslime
  1228 | D        | Received a gift from Yredelemnul (a vampire knight)
  1228 | D        | Reached XP level 13. HP: 54/90 MP: 22/24
  1343 | D        | Entered arena 16.
  1344 | D        | Noticed a lich
  1344 | D        | Noticed a vampire knight
  1349 | D        | Received a gift from Yredelemnul (a flayed ghost)
  1351 | D        | Reached skill level 15 in Invocations
  1351 | D        | Killed a lich
  1352 | D        | Received a gift from Yredelemnul (a phantasmal warrior)
  1354 | D        | Killed a vampire knight
  1356 | D        | Received a gift from Yredelemnul (a skeletal warrior)
  1356 | D        | Received a gift from Yredelemnul (a phantasmal warrior)
  1356 | D        | Received a gift from Yredelemnul (a vampire)
  1356 | D        | Received a gift from Yredelemnul (a vampire)
  1357 | D        | Found a transporter.
  1473 | D        | Entered arena 17.
  1477 | D        | Noticed a Brimstone Fiend
  1477 | D        | Noticed a searing wretch
  1477 | D        | Noticed a hellephant
  1477 | D        | Noticed a searing wretch
  1477 | D        | Noticed a fire giant
  1477 | D        | Noticed a balrug
  1478 | D        | Noticed a balrug
  1481 | D        | Noticed a balrug
  1487 | D        | Killed a searing wretch
  1487 | D        | Killed a balrug
  1488 | D        | Received a gift from Yredelemnul (a ghoul)
  1488 | D        | Reached skill level 15 in Armour
  1488 | D        | Reached skill level 15 in Shields
  1489 | D        | Found a transporter.
  1491 | D        | Killed a Brimstone Fiend
  1491 | D        | Killed a fire giant
  1492 | D        | Received a gift from Yredelemnul (a profane servitor)
  1492 | D        | Received a gift from Yredelemnul (a vampire)
  1492 | D        | Reached skill level 15 in Fighting
  1493 | D        | Killed a balrug
  1498 | D        | Killed a hellephant
  1500 | D        | Received a gift from Yredelemnul (a ghoul)
  1501 | D        | Killed a balrug
  1501 | D        | Killed a searing wretch
  1535 | D        | Got Zunulash's Guide on Toxic Transmutation
  1563 | D        | Entered arena 18.
  1574 | D        | Noticed a frost giant
  1574 | D        | Noticed a nargun
  1574 | D        | Noticed a wendigo
  1574 | D        | Noticed a frost giant
  1574 | D        | Noticed an azure jelly
  1575 | D        | Noticed an azure jelly
  1575 | D        | Noticed a titan
  1576 | D        | Noticed a nargun
  1578 | D        | Received a gift from Yredelemnul (a flayed ghost)
  1578 | D        | Received a gift from Yredelemnul (a skeletal warrior)
  1578 | D        | Killed an azure jelly
  1582 | D        | Noticed a wendigo
  1585 | D        | Killed a frost giant
  1585 | D        | Enslaved a frost giant
  1586 | D        | Killed a frost giant
  1588 | D        | Killed a nargun
  1588 | D        | Paralysed by a wendigo for 1 turns
  1588 | D        | Killed an azure jelly
  1589 | D        | Gained mutation: Your large and strong wings let you fly.
                  | [Gargoyle growth]
  1589 | D        | Reached XP level 14. HP: 90/100 MP: 6/26
  1589 | D        | Received a gift from Yredelemnul (a ghoul)
  1591 | D        | Killed a titan
  1594 | D        | Killed a wendigo
  1594 | D        | Received a gift from Yredelemnul (a bone dragon)
  1595 | D        | Paralysed by a wendigo for 1 turns
  1597 | D        | Killed a wendigo
  1599 | D        | Killed a nargun
  1892 | D        | Found a transporter.
  1898 | D        | Got the ring of Suspicion {rF+ rC- rN+ Slay+3}
  1926 | D        | Got Sif Muna's Almanac of Congealing Transformation
  1971 | D        | Got the ring of the Establishment {+Blink rF++ Str-4 Int+6
                  | Dex+8}
  2029 | D        | Entered arena 19.
  2045 | D        | Received a gift from Yredelemnul (a vampire)
  2045 | D        | Received a gift from Yredelemnul (a phantasmal warrior)
  2045 | D        | Received a gift from Yredelemnul (a vampire)
  2045 | D        | Received a gift from Yredelemnul (a bone dragon)
  2045 | D        | Received a gift from Yredelemnul (a phantasmal warrior)
  2045 | D        | Received a gift from Yredelemnul (a profane servitor)
  2045 | D        | Received a gift from Yredelemnul (a ghoul)
  2045 | D        | Received a gift from Yredelemnul (a ghoul)
  2045 | D        | Received a gift from Yredelemnul (a bone dragon)
  2045 | D        | Received a gift from Yredelemnul (a phantasmal warrior)
  2045 | D        | Received a gift from Yredelemnul (a flayed ghost)
  2045 | D        | Received a gift from Yredelemnul (a bone dragon)
  2045 | D        | Reached skill level 15 in Evocations
  2080 | D        | Found a transporter.
  2141 | D        | Got the Papyrus of the Lethal Snowflakes
  2191 | D        | Entered arena 20.
  2204 | D        | Noticed a rockslime
  2204 | D        | Noticed a quicksilver ooze
  2204 | D        | Found the +12 glaive of Prune {vorpal}
  2207 | D        | Noticed an azure jelly
  2210 | D        | Received a gift from Yredelemnul (a flayed ghost)
  2212 | D        | Received a gift from Yredelemnul (a flayed ghost)
  2212 | D        | Received a gift from Yredelemnul (a vampire knight)
  2212 | D        | Found a transporter.
  2212 | D        | Killed a quicksilver ooze
  2212 | D        | Killed an azure jelly
  2212 | D        | Killed a rockslime
  2214 | D        | Received a gift from Yredelemnul (a vampire knight)
  2214 | D        | Received a gift from Yredelemnul (a vampire)
  2216 | D        | Received a gift from Yredelemnul (a skeletal warrior)
  2254 | D        | Got the Compendium of the Burning Frostbite
  2257 | D        | Got the amulet of Eddyol {Reflect rElec rN+++ Regen+ Int-4
                  | SH+5}
  2305 | D        | Entered arena 21.
  2313 | D        | Noticed a nargun
  2313 | D        | Noticed a nargun
  2313 | D        | Noticed a wendigo
  2315 | D        | Noticed a nargun
  2315 | D        | Noticed a nargun
  2315 | D        | Noticed a wendigo
  2315 | D        | Noticed a nargun
  2315 | D        | Noticed a shard shrike
  2315 | D        | Noticed a shard shrike
  2315 | D        | Noticed a dread lich
  2315 | D        | Noticed a shard shrike
  2315 | D        | Noticed a nargun
  2315 | D        | Noticed an Ice Fiend
  2315 | D        | Noticed a wendigo
  2315 | D        | Noticed a shard shrike
  2315 | D        | Noticed a shard shrike
  2315 | D        | Noticed a nargun
  2316 | D        | Noticed a nargun
  2316 | D        | Noticed a shard shrike
  2316 | D        | Noticed a wendigo
  2316 | D        | Noticed a wendigo
  2316 | D        | Noticed a wendigo
  2316 | D        | Noticed a wendigo
  2318 | D        | Noticed an Ice Fiend
  2320 | D        | Killed a shard shrike
  2320 | D        | Received a gift from Yredelemnul (a vampire knight)
  2321 | D        | Paralysed by a wendigo for 1 turns
  2321 | D        | Killed a wendigo
  2322 | D        | Killed a shard shrike
  2322 | D        | Killed a shard shrike
  2322 | D        | Killed a nargun
  2323 | D        | Received a gift from Yredelemnul (a vampire)
  2323 | D        | Killed a shard shrike
  2324 | D        | Received a gift from Yredelemnul (a vampire knight)
  2324 | D        | Killed a shard shrike
  2325 | D        | Reached XP level 15. HP: 80/109 MP: 4/28
  2325 | D        | Killed a shard shrike
  2329 | D        | Slain by a nargun

Illustrated notes

Levels and vault maps discovered:
D:        sprint_v [room_start, room_1, room_2, room_3, room_4, room_5, room_6,
          room_7, room_8, room_9, room_10, room_11, room_12, room_13, room_14,
          room_15, room_16, room_17, room_18, room_19, room_20, room_21,
          room_22, room_23, room_24, room_25, room_26, room_27]

Skill      XL: |  1  2  3  4  5  6  7  8  9 10 11 12 13 14 15 |
---------------+----------------------------------------------+-----
Fighting       | 6 7 9 10 12 14 16 18 | 18.9
Maces & Flails | 5 6 |  6.1
Armour         | 6 7 9 10 12 14 16 18 19 | 19.0
Shields        | 6 7 9 10 12 14 16 | 16.7
Invocations    | 7 9 10 11 13 14 16 19 | 19.5
Evocations     | 6 7 8 10 11 12 14 16 | 16.8
Axes           | 6 8 10 11 12 | 12.9

Action                   |  1- 3 |  4- 6 |  7- 9 | 10-12 | 13-15 || total
-------------------------+-------+-------+-------+-------+-------++-------
Melee: Demon whip        |       |     1 |     3 |       |       ||     4
       Broad axe         |       |       |    24 |    13 |    15 ||    52
Invok: Animate Remains   |       |       |     2 |       |       ||     2
       Animate Dead      |       |       |     1 |     6 |     5 ||    12
       Drain Life        |       |       |       |     3 |    12 ||    15
       Recall Undead Sla |       |       |       |     3 |     4 ||     7
       Enslave Soul      |       |       |       |     1 |     1 ||     2
Evoke: Wand              |     4 |       |     2 |       |     1 ||     7
       Condenser vane    |       |       |       |     4 |     4 ||     8
       Lightning rod     |       |       |       |     3 |       ||     3
       Phantom mirror    |       |       |       |       |     2 ||     2
  Use: Potion            |       |       |     8 |     7 |    13 ||    28
       Scroll            |       |       |       |     2 |     4 ||     6
Armor: Gold dragon scale |     2 |       |    57 |    19 |       ||    78
       Shadow dragon sca |       |       |       |       |    30 ||    30
Dodge: Dodged            |       |       |    20 |     7 |     4 ||    31
Block: Buckler           |       |       |    12 |     7 |       ||    19
       Kite shield       |       |       |       |    27 |    57 ||    84

Table legend: (Time is in decaauts)
 A = Elapsed time spent in this place.
 B = Non-inter-level travel time spent in this place.
 C = Inter-level travel time spent in this place.
 D = Time resting spent in this place.
 E = Time spent auto-exploring this place.
 F = Levels seen in this place.
 G = Mean time per level.
                   A        B        C        D        E       F      G
               +--------+--------+--------+--------+--------+-----+--------+
         Total |   2336 |   2335 |      1 |    845 |     24 |   1 | 2336.0 |
       Dungeon |   2336 |   2335 |      1 |    845 |     24 |   1 | 2336.0 |
               +--------+--------+--------+--------+--------+-----+--------+

Top non-repeatable levels by time:
       D: 2336 daAuts
